 Dungeon Crawl Stone Soup version 0.28-a0-1382-g92835e5c71 (webtiles) character file.

Game seed: 2820444297823263741

372 Fuegan the Cudgeller (level 6, 0/38 HPs)
             Began as a Gargoyle Fighter on Jan 1, 2022.
             Slain by a gnoll (4 damage)
             ... on level 3 of the Dungeon.
             The game lasted 00:06:51 (2593 turns).

Fuegan the Cudgeller (Gargoyle Fighter)             Turns: 2593, Time: 00:06:52

Health: 0/38       AC: 16    Str: 22    XL:     6   Next: 71%
Magic:  6/6        EV:  6    Int:  8    God:
Gold:   66         SH:  4    Dex:  9    Spells: 5/5 levels left

rFire   . . .      SeeInvis .   a - +0 flail
rCold   . . .      Faith    .   c - +0 buckler
rNeg    + . .      Spirit   .   h - +0 plate armour
rPois   ∞          Reflect  .   (no helmet)
rElec   +          Harm     .   (no cloak)
rCorr   .          Rampage  .   (no gloves)
Will    .....                   (no boots)
Stlth   ..........              (no amulet)
HPRegen 0.12/turn               (no ring)
MPRegen 0.10/turn               (no ring)

@: no status effects
A: sickness immunity, AC +4, negative energy resistance 1, electricity
resistance, torment resistance 1, petrification resistance
a: no special abilities


You were on level 3 of the Dungeon.
You visited 1 branch of the dungeon, and saw 3 of its levels.

You collected 66 gold pieces.

Inventory:

Hand Weapons
 a - a +0 flail (weapon)
Armour
 c - a +0 buckler (worn)
 h - a +0 plate armour (worn)
Scrolls
 d - a scroll of fog {unknown}
 e - a scroll of enchant weapon {unknown}
 g - a scroll of identify {unknown}
Potions
 b - a potion of mutation {unknown}
 f - a potion of heal wounds {unknown}
 i - 2 potions of attraction {unknown}
 j - 3 potions of curing {unknown}
 k - a potion of lignification {unknown}


   Skills:
 + Level 4.1 Fighting
 * Level 5.7 Maces & Flails
 + Level 4.1 Armour
 + Level 3.8 Shields


You had 5 spell levels left.
You didn't know any spells.
Your spell library was empty.

Dungeon Overview and Level Annotations

Branches:
Dungeon (3/15)

Altars:
Nemelex Xobeh

Shops:
D:1 !

Annotations:
D:3 2 transporters


Innate Abilities, Weirdness & Mutations

You are immune to sickness and miasma.
Your stone body is resilient. (AC +4)
You are immune to poison.
You resist negative energy. (rN+)
You are resistant to electric shocks. (rElec)
You are resistant to unholy torment.
You are immune to petrification.


Message History

Unknown command.
You hear the rapid rusting of a very distant drain.
You hear the rapid rusting of a very distant drain.
A gnoll comes into view. It is wielding a +0 halberd.
You hear the rapid rusting of a very distant drain.
The gnoll shouts!
A gnoll comes into view. It is wielding a +0 flail.
The gnoll shouts!
Things that are here:
a +0 club; 13 gold pieces; an orc skeleton You block the gnoll's attack.
The gnoll hits you with a +0 halberd.
You closely miss the gnoll. The gnoll hits you with a +0 halberd.
You barely miss the gnoll. The gnoll hits you with a +0 halberd.
You hit the gnoll.
The gnoll is lightly wounded.
The gnoll hits you with a +0 halberd.
You hit the gnoll.
The gnoll is moderately wounded.
The gnoll hits you but does no damage.
You hit the gnoll.
The gnoll is moderately wounded.
The gnoll hits you with a +0 halberd!
You hit the gnoll.
The gnoll is severely wounded.
The gnoll hits you with a +0 halberd!
* * * LOW HITPOINT WARNING * * *
You hit the gnoll but do no damage.
The gnoll is severely wounded.
The gnoll hits you but does no damage. x2
You barely miss the gnoll.
The gnoll is severely wounded.
The gnoll hits you with a +0 halberd.
* * * LOW HITPOINT WARNING * * *
Okay, then.
You sock the gnoll!
You kill the gnoll!
Your plate armour prevents you from hitting the gnoll.
The gnoll hits you with a +0 flail.
You die...

############# ##...#.P.#...##
.P.P..PP..P..
######################
..........))..).@g...#
.###################.# .#
.P...P.P..P.. .#
##..P#...#...## .#
############# .# #..#
.##########..######
...................
#######.<...###############..


You could see a gnoll.

Vanquished Creatures
  Sigmund (D:2)
  Natasha (twice) (D:2)
  An orc wizard (D:3)
  3 gnolls (D:3)
  5 adders
  3 dart slugs
  4 orcs (D:3)
  6 endoplasms
  A giant cockroach (D:1)
  8 hobgoblins
  4 jackals (D:2)
  3 quokkas
  6 ball pythons (D:1)
  4 bats
  2 frilled lizards (D:2)
  2 goblins (D:1)
  5 kobolds
  7 rats
67 creatures vanquished.

Notes
Turn   | Place    | Note
-------+----------+-------------------------------------------
     0 | D:1      | Fuegan the Gargoyle Fighter began the quest for the Orb.
     0 | D:1      | Reached XP level 1. HP: 14/14 MP: 1/1
     6 | D:1      | Found Feniaro's Distillery.
    47 | D:1      | Reached XP level 2. HP: 19/19 MP: 2/2
   134 | D:1      | Found a faded altar of an unknown god.
   459 | D:1      | Reached XP level 3. HP: 23/23 MP: 3/3
   985 | D:2      | Reached skill level 3 in Maces & Flails
  1029 | D:2      | Noticed Natasha
  1042 | D:2      | Killed Natasha
  1043 | D:2      | Reached XP level 4. HP: 26/29 MP: 4/4
  1155 | D:2      | Noticed Sigmund
  1163 | D:2      | Killed Sigmund
  1164 | D:2      | Reached skill level 5 in Maces & Flails
  1164 | D:2      | Reached XP level 5. HP: 27/33 MP: 5/5
  1164 | D:2      | Reached XP level 6. HP: 31/38 MP: 6/6
  1575 | D:2      | Noticed Natasha
  1586 | D:2      | Killed Natasha
  1856 | D:3      | Found a transporter.
  1876 | D:3      | Found a transporter.
  2039 | D:3      | Found a sparkling altar of Nemelex Xobeh.
  2360 | D:3      | Paralysed by something for 4 turns
  2593 | D:3      | Slain by a gnoll

Illustrated notes

Levels and vault maps discovered:
D:1:      dpeg_arrival_arbitrary_c, layout_basic,
          hellmonk_ecumenical_altar_leap_of_faith, serial_shops,
          nicolae_shop_waterfront, kennysheep_nondescript,
          minmay_close_crescents
D:2:      layout_loops_ring, uniq_sigmund, uniq_natasha
D:3:      gammafunk_steamed_eel, layout_rooms, nemelex_dance_club_becter,
          lemuel_coloured_pillars_altar, serial_aquarium, aquarium_bridge_square
          [aquarium_subvault_balcony, aquarium_subvault_wall,
          aquarium_subvault_window, aquarium_subvault_bridge],
          aquarium_window_corridor_2, aquarium_window_fake,
          aquarium_window_fake, aquarium_view_2d, portal_sewer_entry_e,
          uniq_robin

Skill      XL: |  1  2  3  4  5  6 |
---------------+-------------------+-----
Maces & Flails | 3 5 |  5.7
Fighting       | 4 |  4.1
Armour         | 4 |  4.1
Shields        | |  3.8

Action                   |  1- 3 |  4- 6 || total
-------------------------+-------+-------++-------
Melee: Flail             |   115 |   165 ||   280
  Use: Potion            |       |     1 ||     1
Armor: Scale mail        |    12 |       ||    12
       Plate armour      |    79 |   110 ||   189
Dodge: Dodged            |    44 |    44 ||    88
Block: Buckler           |    24 |    31 ||    55

Table legend: (Time is in decaauts)
 A = Elapsed time spent in this place.
 B = Non-inter-level travel time spent in this place.
 C = Inter-level travel time spent in this place.
 D = Time resting spent in this place.
 E = Time spent auto-exploring this place.
 F = Levels seen in this place.
 G = Mean time per level.
                   A        B        C        D        E       F      G
               +--------+--------+--------+--------+--------+-----+--------+
         Total |   2651 |   2605 |     46 |    340 |   1611 |   3 |  883.7 |
       Dungeon |   2651 |   2605 |     46 |    340 |   1611 |   3 |  883.7 |
               +--------+--------+--------+--------+--------+-----+--------+

Top non-repeatable levels by time:
     D:2: 1100 daAuts
     D:1: 801 daAuts
     D:3: 749 daAuts
